 Dungeon Crawl Stone Soup version 0.27.1-33-g824d729ab1 (webtiles) character file.

Game seed: 4491786557529195897

28 Atelerd the Digger (level 3, -1/21 HPs)
             Began as an Octopode Earth Elementalist on Dec 30, 2021.
             Slain by a jackal (2 damage)
             ... on level 2 of the Dungeon.
             The game lasted 00:01:09 (913 turns).

Atelerd the Digger (Octopode Earth Elementalist)     Turns: 913, Time: 00:01:09

Health: -1/21      AC:  1    Str:  7    XL:     3   Next: 14%
Magic:  5/6        EV: 13    Int: 18    God:
Gold:   19         SH:  0    Dex: 12    Spells: 5/6 levels left

rFire    . . .     SeeInvis .   c - +0 dagger
rCold    . . .     Faith    .   (no shield)
rNeg     . . .     Spirit   .   (helmet restricted)
rPois    .         Reflect  .   (no amulet)
rElec    .         Harm     .   (no ring)
rCorr    .         Rampage  .   (no ring)
Will     .....                  (no ring)
Stlth    +++.......             (no ring)
HPRegen  0.07/turn              (no ring)
MPRegen  0.10/turn              (no ring)
                                (no ring)
                                (no ring)

@: lethally poisoned (-1 -> -2)
A: almost no armour, amphibious, 8 rings, camouflage 1, gelatinous body 1,
(nimble swimmer 1), tentacles
a: no special abilities


You were on level 2 of the Dungeon.
You visited 1 branch of the dungeon, and saw 2 of its levels.

You collected 19 gold pieces.

Inventory:

Hand Weapons
 c - a +0 dagger (weapon)
Missiles
 b - 10 stones
Armour
 a - a +2 buckler
Jewellery
 h - a ring of ice
 i - a ring of fire
Scrolls
 d - 5 scrolls of identify
 e - a scroll of summoning
 f - a scroll of immolation
 g - a scroll of amnesia {unknown}


   Skills:
 - Level 2.0 Dodging
 - Level 2.6 Stealth
 + Level 0.7 Shields
 + Level 2.4 Spellcasting
 + Level 1.7 Transmutations
 + Level 3.3 Earth Magic


You had 5 spell levels left.
You knew the following spells:

 Your Spells              Type           Power      Damage    Failure   Level
a - Sandblast             Erth           28%        2d8       4%          1

Your spell library contained the following spells:

 Spells                   Type           Power      Damage    Failure   Level
 Passwall                 Tmut/Erth      9%         N/A       10%         2
 Stone Arrow              Conj/Erth      16%        3d8       26%         3
 Petrify                  Tmut/Erth      11%        N/A       52%         4


Dungeon Overview and Level Annotations

Branches:
Dungeon (2/15)

Altars:
Kikubaaqudgha

Shops:
D:1 !


Innate Abilities, Weirdness & Mutations

You cannot wear most types of armour.
You are amphibious.
You can wear up to eight rings at the same time.
Your skin changes colour to match your surroundings (Stealth+).
Your rubbery body absorbs attacks. (AC +1, EV +1)
((You are camouflaged near water. (Stealth+)))
You have tentacles for arms and can constrict up to eight enemies at once.


Message History

A ball python comes into view.
The jackal closely misses you.
There are monsters nearby!
You hit the jackal. You grab the jackal.
You squeeze the jackal, but do no damage.
The jackal is moderately wounded.
You constrict the jackal. The jackal closely misses you.
The jackal bites you but does no damage.
There are monsters nearby!
You hit the jackal but do no damage.
The jackal is heavily wounded.
You constrict the jackal. The jackal bites you. x2
The blast of sand hits the jackal but does no damage.
The jackal is severely wounded.
You constrict the jackal.
You kill the jackal!
The jackal barely misses you. The jackal bites you.
You barely miss the adder. Your grab misses the adder. The adder bites you.
You are poisoned.
The adder poisons you! The jackal closely misses you. The adder bites you.
* * * LOW HITPOINT WARNING * * *
You are too injured to fight recklessly!
You are too injured to fight recklessly!
Unknown command.
You aren't carrying any potions.
* * * LOW HITPOINT WARNING * * *
You feel sick. The jackal barely misses you.
* * * LOW HITPOINT WARNING * * *
You feel sick.
* * * LOW HITPOINT WARNING * * *
You feel sick.
* * * LOW HITPOINT WARNING * * *
You feel sick. The jackal barely misses you.
You aren't carrying any potions.
As you read the scroll labelled FOUD RYTUFFONYOCRU, it crumbles to dust.
It is a scroll of identify.
e - a scroll of summoning
* * * LOW HITPOINT WARNING * * *
You feel sick. The jackal bites you.
You die...

#.. ### ... ##..
..# ##..###.#
#.....#.#
#.....#.#
####.._..#.#
.#.......S#.######
........rSh@...#..
......########.#.#
..... #.#.# #..>
###.#.# ...
#...#.# #.
###.....# #
###.#.....#
#.....###<#
###.#.....#


You could see an adder, a jackal, a ball python and a rat.

Vanquished Creatures
  A dart slug (D:1)
  3 bats
  An endoplasm (D:1)
  4 goblins (D:1)
  A hobgoblin (D:1)
  5 jackals
  4 kobolds
  2 ball pythons (D:1)
  A frilled lizard (D:1)
  2 rats
24 creatures vanquished.

Notes
Turn   | Place    | Note
-------+----------+-------------------------------------------
     0 | D:1      | Atelerd the Octopode Earth Elementalist began the quest for
                  | the Orb.
     0 | D:1      | Reached XP level 1. HP: 11/11 MP: 3/3
   224 | D:1      | Found Saratal's Distillery.
   229 | D:1      | Reached XP level 2. HP: 17/17 MP: 3/5
   305 | D:1      | Found a faded altar of an unknown god.
   791 | D:2      | Reached XP level 3. HP: 21/21 MP: 4/6
   897 | D:2      | Found an ancient bone altar of Kikubaaqudgha.
   913 | D:2      | HP: 1/21 [poisoned by an adder]
   913 | D:2      | Slain by a jackal

Illustrated notes

Levels and vault maps discovered:
D:1:      beargit_arrival_greenhouse, layout_rooms,
          hellmonk_ecumenical_altar_blasted, serial_shops, shop,
          chequers_decorated_corner
D:2:      layout_basic, basic_altar, kennysheep_small_spiral, uniq_terence

Action                   || total
-------------------------++-------
Melee: Unarmed           ||     2
       Constrict         ||     4
       Dagger            ||    11
       Tentacles         ||     1
 Cast: Sandblast         ||    24
  Use: Scroll            ||     1
 Stab: Sleeping          ||     1
Armor: Skin              ||     2
Dodge: Dodged            ||    15
